 Dungeon Sprint DCSS version 0.23-a0-635-g88ca12a (webtiles) character file.

291 Lanoc the Protected (level 6, -3/51 HPs)
             Began as a Gnoll Wanderer on Dec 27, 2018.
             Was the Champion of Jiyva.
             Slain by a freezing wraith (5 damage)
             ... in the Dungeon (Sprint VII: "The Pits").
             The game lasted 00:03:04 (417 turns).

Lanoc the Protected (Gnoll Wanderer)                 Turns: 417, Time: 00:03:05

Health: -3/51      AC: 13    Str: 19    XL:     6   Next: 32%
Magic:  12/12      EV: 12    Int: 11    God:    Jiyva [******]
Gold:   0          SH:  0    Dex: 15    Spells: 13/13 levels left

rFire    . . .     SeeInvis .   c - +4 hand axe (chop)
rCold    . . .     Gourm    .   (no shield)
rNeg     . . .     Faith    .   o - +3 scale mail
rPois    .         Spirit   .   (no helmet)
rElec    .         Reflect  .   (no cloak)
rCorr    +         Harm     .   (no gloves)
MR       .....     NoTele   +   (no boots)
Stlth    ++........             (no amulet)
HPRegen  0.17/turn              (no ring)
MPRegen  0.13/turn              (no ring)

@: slowed, very slow
A: distributed training, claws 1, fangs 1, yellow scales 1, tendrils, strong
nose
a: Request Jelly, Slimify, Cure Bad Mutation, Renounce Religion


You were in the Dungeon.
You worshipped Jiyva.
Jiyva was exalted by your worship.
You were not hungry.

You visited 1 branch

Inventory:

Hand Weapons
 c - a +4 hand axe of chopping (weapon)
 d - a +2 hand axe of flaming
Armour
 o - a +3 scale mail (worn)
Scrolls
 b - 2 scrolls of blinking
 k - 3 scrolls of remove curse
 l - 5 scrolls of amnesia
 m - a scroll of summoning
Potions
 a - 2 potions of invisibility
 e - 6 potions of curing
 g - 6 potions of heal wounds
 h - a potion of haste
 i - 4 potions of magic
 j - 3 potions of berserk rage
Comestibles
 f - 9 rations
 n - 6 chunks of flesh


   Skills:
 + Level 5.1 Fighting
 + Level 4.3 Short Blades
 + Level 4.3 Long Blades
 + Level 6.3 Axes
 + Level 4.3 Maces & Flails
 + Level 4.3 Polearms
 + Level 4.3 Staves
 + Level 4.3 Slings
 + Level 4.3 Bows
 + Level 5.1 Crossbows
 + Level 4.3 Throwing
 + Level 9.6 Armour
 + Level 4.3 Dodging
 + Level 5.0 Stealth
 + Level 5.1 Shields
 + Level 4.3 Unarmed Combat
 + Level 4.3 Spellcasting
 + Level 3.5 Conjurations
 + Level 3.5 Hexes
 + Level 3.5 Charms
 + Level 3.5 Summonings
 + Level 3.5 Necromancy
 + Level 3.5 Translocations
 + Level 3.5 Transmutations
 + Level 3.5 Fire Magic
 + Level 3.5 Ice Magic
 + Level 3.5 Air Magic
 + Level 3.5 Earth Magic
 + Level 3.5 Poison Magic
 + Level 4.7 Invocations
 + Level 4.3 Evocations


You had 13 spell levels left.
You didn't know any spells.
Your spell library was empty.

Dungeon Overview and Level Annotations

Branches:
Dungeon (1/1)

Altars:
Ashenzari
Cheibriados
Dithmenos
Elyvilon
Fedhas
Gozag
Hepliaklqana
Kikubaaqudgha
Makhleb
Nemelex Xobeh
Okawaru
Qazlal
Ru
Sif Muna
Trog
Uskayaw
Vehumet
Wu Jian
Xom
Yredelemnul
Zin
The Shining One
Beogh
Jiyva
Lugonu


Innate Abilities, Weirdness & Mutations

Your experience applies equally to all skills.
You have very sharp teeth.
Your uncanny sense of smell can sniff out nearby items.
You have sharp fingernails.
You are partially covered in yellow scales. (AC +2)
You are covered in slimy tendrils that may disarm your opponents.


Message History

You hear a slurping noise.
Jiyva alters your body.
Your magical essence is no longer linked to your wands.
Jiyva appreciates your sacrifice.
You feel a little less hungry.
You feel your power returning.
You feel better.
The jelly splits in two!
The freezing wraith hits you. The freezing wraith freezes you!
You shudder from the blow and a jelly pops out!
The freezing wraith hits you. The freezing wraith drains your vigour!
You feel yourself slow down.
Your death ooze barely misses the freezing wraith.
Your death ooze hits the freezing wraith!!
The freezing wraith hits you. The freezing wraith freezes you!!
* * * LOW HITPOINT WARNING * * *
You shudder from the blow and a jelly pops out!
The freezing wraith barely misses you.
There is an open door here.
The freezing wraith hits you but does no damage.
The freezing wraith hits you.
You die...

#.#........##.......#
#.#........##.......#
#'###########.......#
#.......# #########
#..###..# #.......#
∆∆∆∆ ##.###.##+# ∆∆∆∆
#.......#J+ ∆
#..###J@#'# ∆
#...J.J.W.# ∆
###########


You could see a freezing wraith, 2 neutral jellies (fellow slime) and a friendly
azure jelly.

Vanquished Creatures
  A sky beast (D)
  An ogre (D)
  A gnoll shaman (D)
  3 gnolls (D)
  3 river rats (D)
  2 adder skeletons (D)
  3 leopard geckos (D)
  A giant cockroach (D)
  A goblin (D)
  A kobold (D)
  2 quokkas (D)
19 creatures vanquished.

Vanquished Creatures (collateral kills)
  A gnoll (D)
1 creature vanquished.

Vanquished Creatures (others)
  3 jellies (D)
  An adder (D)
4 creatures vanquished.

Grand Total: 24 creatures vanquished

Notes
Turn   | Place    | Note
-------+----------+-------------------------------------------
     0 | D        | Lanoc the Gnoll Wanderer began the quest for the Orb.
     0 | D        | Lanoc set off with the following items: a +2 dagger, 2
                  | scrolls of blinking, a +0 ring mail, a scroll of
                  | teleportation, a potion of curing, a ration, a potion of
                  | heal wounds, a potion of haste, 2 potions of magic, a
                  | potion of berserk rage
     0 | D        | Reached XP level 1. HP: 17/17 MP: 1/1
    17 | D        | Found a bloodstained altar of Trog.
    17 | D        | Found a deep blue altar of Sif Muna.
    17 | D        | Found a viscous altar of Jiyva.
    17 | D        | Found a hazy altar of Hepliaklqana.
    17 | D        | Found an opulent altar of Gozag.
    19 | D        | Found a glowing golden altar of the Shining One.
    19 | D        | Found a glowing silver altar of Zin.
    19 | D        | Found a basalt altar of Yredelemnul.
    19 | D        | Found a shimmering altar of Xom.
    19 | D        | Found an ornate altar of the Wu Jian Council.
    19 | D        | Found a sacrificial altar of Ru.
    19 | D        | Found a stormy altar of Qazlal.
    19 | D        | Found an iron altar of Okawaru.
    19 | D        | Found a sparkling altar of Nemelex Xobeh.
    19 | D        | Found a burning altar of Makhleb.
    19 | D        | Found a blossoming altar of Fedhas.
    19 | D        | Found a white marble altar of Elyvilon.
    19 | D        | Found a shadowy altar of Dithmenos.
    19 | D        | Found a snail-covered altar of Cheibriados.
    20 | D        | Found a radiant altar of Vehumet.
    20 | D        | Found a corrupted altar of Lugonu.
    20 | D        | Found a roughly hewn altar of Beogh.
    21 | D        | Found a hide-covered altar of Uskayaw.
    21 | D        | Found an ancient bone altar of Kikubaaqudgha.
    21 | D        | Found a shattered altar of Ashenzari.
    59 | D        | Became a worshipper of Jiyva Juyngeum the Shapeless
    74 | D        | Reached skill level 1 in Invocations
    92 | D        | Reached * piety under Jiyva
    92 | D        | Reached ** piety under Jiyva
    94 | D        | Reached *** piety under Jiyva
    94 | D        | Gained mutation: You expend magic power (3 MP) to
                  | strengthen your wands. [Jiyva's grace]
    94 | D        | Reached **** piety under Jiyva
    94 | D        | Gained mutation: You are partially covered in yellow
                  | scales. (AC +2) [Jiyva's grace]
   101 | D        | Reached ***** piety under Jiyva
   101 | D        | Gained mutation: Your muscles are strong. (Str +2) [Jiyva's
                  | grace]
   102 | D        | Gained mutation: You have a small jelly attached to you
                  | that senses nearby items. [Jiyva's grace]
   105 | D        | Reached skill level 1 in Short Blades
   105 | D        | Reached skill level 1 in Long Blades
   105 | D        | Reached skill level 1 in Maces & Flails
   105 | D        | Reached skill level 1 in Polearms
   105 | D        | Reached skill level 1 in Staves
   105 | D        | Reached skill level 1 in Slings
   105 | D        | Reached skill level 1 in Bows
   105 | D        | Reached skill level 1 in Throwing
   105 | D        | Reached skill level 1 in Dodging
   105 | D        | Reached skill level 1 in Unarmed Combat
   105 | D        | Reached skill level 1 in Spellcasting
   105 | D        | Reached skill level 1 in Evocations
   105 | D        | Reached XP level 2. HP: 21/23 MP: 3/3
   105 | D        | Reached skill level 1 in Conjurations
   105 | D        | Reached skill level 1 in Hexes
   105 | D        | Reached skill level 1 in Charms
   105 | D        | Reached skill level 1 in Summonings
   105 | D        | Reached skill level 1 in Necromancy
   105 | D        | Reached skill level 1 in Translocations
   105 | D        | Reached skill level 1 in Transmutations
   105 | D        | Reached skill level 1 in Fire Magic
   105 | D        | Reached skill level 1 in Ice Magic
   105 | D        | Reached skill level 1 in Air Magic
   105 | D        | Reached skill level 1 in Earth Magic
   105 | D        | Reached skill level 1 in Poison Magic
   174 | D        | Reached XP level 3. HP: 29/29 MP: 3/5
   209 | D        | Gained mutation: You evolve. [Jiyva's grace]
   212 | D        | Reached ****** piety under Jiyva
   231 | D        | Lost mutation: You have a small jelly attached to you that
                  | senses nearby items. [Jiyva's grace]
   234 | D        | Lost mutation: Your muscles are strong. (Str +2) [Jiyva's
                  | grace]
   267 | D        | Reached skill level 5 in Axes
   274 | D        | Reached XP level 4. HP: 31/35 MP: 5/7
   276 | D        | Reached skill level 9 in Armour
   276 | D        | Noticed an ogre
   282 | D        | Killed an ogre
   282 | D        | Reached XP level 5. HP: 15/43 MP: 6/10
   301 | D        | Gained mutation: You have sharp fingernails. [Jiyva's
                  | grace]
   310 | D        | Gained mutation: You are covered in slimy tendrils that may
                  | disarm your opponents. [Jiyva's grace]
   313 | D        | Lost mutation: You evolve. [Jiyva's grace]
   401 | D        | Noticed a sky beast
   409 | D        | Killed a sky beast
   409 | D        | Reached skill level 5 in Fighting
   409 | D        | Reached skill level 5 in Crossbows
   409 | D        | Reached skill level 5 in Stealth
   409 | D        | Reached skill level 5 in Shields
   409 | D        | Reached XP level 6. HP: 51/51 MP: 10/12
   412 | D        | Noticed a freezing wraith
   415 | D        | Lost mutation: You expend magic power (3 MP) to strengthen
                  | your wands. [Jiyva's grace]
   416 | D        | HP: 2/51 [freezing wraith (20)]
   417 | D        | Slain by a freezing wraith

Vault maps used:
D:        pitsprint

Skill      XL: |  1  2  3  4  5 |
---------------+----------------+-----
Invocations    | 1 2 4 |  4.7
Short Blades   | 1 2 3 4 |  4.3
Long Blades    | 1 2 3 4 |  4.3
Maces & Flails | 1 2 3 4 |  4.3
Polearms       | 1 2 3 4 |  4.3
Staves         | 1 2 3 4 |  4.3
Slings         | 1 2 3 4 |  4.3
Bows           | 1 2 3 4 |  4.3
Throwing       | 1 2 3 4 |  4.3
Dodging        | 1 2 3 4 |  4.3
Unarmed Combat | 1 2 3 4 |  4.3
Spellcasting   | 1 2 3 4 |  4.3
Evocations     | 1 2 3 4 |  4.3
Conjurations   | 1 3 |  3.5
Hexes          | 1 3 |  3.5
Charms         | 1 3 |  3.5
Summonings     | 1 3 |  3.5
Necromancy     | 1 3 |  3.5
Translocations | 1 3 |  3.5
Transmutations | 1 3 |  3.5
Fire Magic     | 1 3 |  3.5
Ice Magic      | 1 3 |  3.5
Air Magic      | 1 3 |  3.5
Earth Magic    | 1 3 |  3.5
Poison Magic   | 1 3 |  3.5
Fighting       | 3 4 5 |  5.1
Crossbows      | 3 4 5 |  5.1
Shields        | 3 4 5 |  5.1
Axes           | 5 6 |  6.3
Stealth        | 3 4 5 |  5.0
Armour         | 9 |  9.6

Action                   |  1- 3 |  4- 6 || total
-------------------------+-------+-------++-------
Melee: Hand axe          |    28 |    18 ||    46
       Dagger            |     1 |       ||     1
       Punch             |       |     1 ||     1
       Bite              |       |     1 ||     1
Invok: Request Jelly     |       |     1 ||     1
 Stab: Sleeping          |     1 |       ||     1
Armor: Ring mail         |    12 |       ||    12
       Scale mail        |     8 |     7 ||    15
Dodge: Dodged            |    33 |    17 ||    50

Table legend:
 A = Non-vault XP
 B = Vault XP
 C = Vault XP percentage of total XP
 D = Non-vault monster count
 E = Vault monster count
 F = Vault count percentage of total count
                 A         B        C        D         E       F
            +---------+---------+-------+---------+---------+-------
      Total |       0 |     417 | 100.0 |       0 |      20 | 100.0
            +---------+---------+-------+---------+---------+-------
          D |       0 |     417 | 100.0 |       0 |      20 | 100.0
            +---------+---------+-------+---------+---------+-------
